 Dungeon Crawl Stone Soup version 0.30.0-29-ga12c61a403 (webtiles) character file.

Game seed: 16893047463177371262

8815 ChadusMaximus the Convoker (level 11, -8/61 HPs)
             Began as a Barachi Summoner on June 22, 2023.
             Was a Priest of Hepliaklqana.
             Mangled by a komodo dragon (16 damage)
             ... on level 1 of the Lair of Beasts.
             The game lasted 00:20:56 (10055 turns).

ChadusMaximus the Convoker (Barachi Summoner)      Turns: 10055, Time: 00:20:56

Health: -8/61      AC: 14    Str: 14    XL:     11   Next: 36%
Magic:  8/25       EV: 12    Int: 31    God:    Hepliaklqana [***...]
Gold:   233        SH:  0    Dex:  9    Spells: 14/30 levels left

rFire   . . .        y - +4 quarterstaff (chaos)
rCold   . . .        (shield currently unavailable)
rNeg    . . .        R - +0 steam dragon scales
rPois   +            l - +1 helmet
rElec   .            z - +2 cloak
rCorr   .            f - +0 pair of gloves of Grottiness {rPois Str+3 Int+2 Dex-3}
SInv    .            P - +2 pair of boots of Haiki {Int+4}
Will    .....        I - amulet of regeneration
Stlth   ++           q - +6 ring of intelligence
HPRegen 1.10/turn    F - ring of flight
MPRegen 0.19/turn

%: no passive effects
@: flying, studying Ice Magic, slow
A: reduced essence, amphibious, slowness 1, strong legs 1, +LOS
a: Hop, Renounce Religion, Recall Ancestor, Ancestor Identity, Transference


You were on level 1 of the Lair of Beasts.
You worshipped Hepliaklqana.
Hepliaklqana was most pleased with you.
You visited 3 branches of the dungeon, and saw 12 of its levels.

You collected 565 gold pieces.
You spent 332 gold pieces at shops.

Inventory:

Hand Weapons
 i - a +0 dagger
 y - a +4 quarterstaff of chaos (weapon)
Armour
 f - the +0 pair of gloves of Grottiness (worn) {rPois Str+3 Int+2 Dex-3}
   (You found it on level 10 of the Dungeon)

   Str:       It affects your strength (+3).
   Int:       It affects your intelligence (+2).
   Dex:       It affects your dexterity (-3).
   rPois:     It protects you from poison.
 l - a +1 helmet (worn)
 z - a +2 cloak (worn)
 A - a +2 pair of gloves
 P - the +2 pair of boots of Haiki (worn) {Int+4}
   (You bought it in a shop on level 8 of the Dungeon)

   Int:       It affects your intelligence (+4).
 R - +0 steam dragon scales (worn)
Jewellery
 m - a ring of ice
 q - a +6 ring of intelligence (left hand)
 E - an amulet of guardian spirit
 F - a ring of flight (right hand)
 I - an amulet of regeneration (around neck)
 J - a ring of fire
 M - a +6 ring of dexterity
 O - a +6 ring of dexterity
Wands
 u - a wand of charming (10)
 B - a wand of iceblast (1)
 C - a wand of flame (35)
Scrolls
 a - 2 scrolls of immolation
 e - 3 scrolls of torment
 k - 9 scrolls of teleportation
 n - 5 scrolls of blinking
 p - a scroll of silence {unknown}
 s - 4 scrolls of vulnerability {unknown}
 v - 2 scrolls of enchant armour {unknown}
 D - 2 scrolls of poison
 L - 2 scrolls of fog
 N - a scroll of enchant weapon
 Q - a scroll of butterflies
 S - a scroll of amnesia {unknown}
Potions
 b - 2 potions of magic
 c - a potion of might {unknown}
 d - 3 potions of heal wounds
 g - 4 potions of resistance {unknown}
 j - 2 potions of ambrosia {unknown}
 o - 2 potions of brilliance
 r - 2 potions of attraction {unknown}
 t - 4 potions of haste
 w - a potion of curing {unknown}
 x - 2 potions of berserk rage {unknown}
 G - a potion of lignification {unknown}
 H - a potion of flight {unknown}
 K - a potion of mutation {unknown}


   Skills:
 - Level 2.3 Dodging
 - Level 2.0 Stealth
 + Level 10.3 Spellcasting
 * Level 17.1 Summonings


You had 14 spell levels left.
You knew the following spells:

 Your Spells              Type           Power      Damage    Failure   Level
a - Summon Small Mammal   Summ           100%       N/A       0%          1
b - Call Imp              Summ           100%       N/A       0%          2
c - Call Canine Familiar  Summ           89%        N/A       0%          3
d - Summon Lightning Spi  Summ/Air       62%        N/A       1%          4
e - Summon Cactus Giant   Summ           44%        N/A       1%          6

Your spell library contained the following spells:

 Spells                   Type           Power      Damage    Failure   Level
 Summon Guardian Golem    Hex/Summ       62%        N/A       1%          3
 Apportation              Tloc           32%        N/A       3%          1
 Necrotise                Necr           64%        1d7       3%          1
 Sting                    Tmut/Pois      64%        1d6       3%          1
 Blink                    Tloc           32%        N/A       4%          2
 Lesser Beckoning         Tloc           32%        N/A       4%          2
 Momentum Strike          Conj/Tloc      32%        3d8       4%          2
 Scorch                   Fire           32%        2d6       4%          2
 Dazzling Flash           Conj/Hex       32%        N/A       10%         3
 Ignite Poison            Fire/Tmut/Pois 16%        N/A       10%         3
 Mephitic Cloud           Conj/Pois/Air  16%        N/A       10%         3
 Vhi's Electric Charge    Tloc/Air       32%        N/A       10%         3
 Volatile Blastmotes      Fire/Tloc      32%        2d12      10%         3
 Flame Wave               Conj/Fire      16%        2d7       30%         4
 Iskenderun's Mystic Bla  Conj/Tloc      16%        2d5       30%         4
 Leda's Liquefaction      Hex/Erth       8%         N/A       30%         4
 Sticky Flame             Conj/Fire      16%        2d4       30%         4
 Simulacrum               Ice/Necr       8%         N/A       99%         6
 Starburst                Conj/Fire      8%         6d4       99%         6
 Ozocubu's Refrigeration  Ice            8%         4d9       100%        7
 Ignition                 Fire           8%         3d5       100%        8
 Polar Vortex             Ice            8%         N/A       100%        9
 Shatter                  Erth           8%         3d10*     100%        9


Dungeon Overview and Level Annotations

Branches:
Dungeon (10/15)            Temple (1/1) D:5            Lair (1/5) D:10
    Orc: D:9-12

Altars:
Ashenzari
Cheibriados
Dithmenos
Elyvilon
Fedhas
Gozag
Hepliaklqana
Kikubaaqudgha
Nemelex Xobeh
Okawaru
Qazlal
Ru
Sif Muna
Trog
Uskayaw
Vehumet
Wu Jian
Xom
Yredelemnul
Zin
The Shining One

Shops:
D:4 =*   D:8 [?[[=

Annotations:
D:10 1 runed translucent door


Innate Abilities, Weirdness & Mutations

Your life essence is reduced to manifest your ancestor. (-10% HP)
You are amphibious.
You cover ground slowly.
You can hop short distances.
You have an extended range of vision and can be seen from far away.


Message History

The komodo dragon bites your warg!
Your warg bites the komodo dragon.
You see here a yak corpse.
Your warg barely misses the komodo dragon.
The komodo dragon bites your warg!!
Your warg dies!
Your warg's corpse disappears in a puff of smoke!
The komodo dragon closely misses you. The komodo dragon bites you!!
You hit the komodo dragon. You freeze the komodo dragon.
The komodo dragon is lightly wounded.
Msizi hits the komodo dragon with a +0 flail!
The komodo dragon bites you!
A komodo dragon is nearby!
You are too injured to fight recklessly!
A komodo dragon is nearby!
You are too injured to fight recklessly!
Unknown command.
Msizi hits the komodo dragon with a +0 flail!
Casting: Call Canine Familiar (safe; 0% risk of failure)
Confirm with . or Enter, or press ? or * to list all spells.
The komodo dragon closely misses you.
The komodo dragon attacks as you move away!
The komodo dragon bites you!!
* * * LOW HITPOINT WARNING * * *
Msizi closely misses the komodo dragon.
You see here a yak corpse.
Your warg bites the komodo dragon.
The komodo dragon misses you.
Casting: Call Canine Familiar (safe; 0% risk of failure)
Confirm with . or Enter, or press ? or * to list all spells.
An electric hum fills the air.
Msizi barely misses the komodo dragon.
Your warg barely misses the komodo dragon.
The komodo dragon bites you.
* * * LOW HITPOINT WARNING * * *
Unknown command.
Your warg barely misses the komodo dragon.
Msizi hits the komodo dragon with a +0 flail.
Things that are here:
a black bear corpse; a yak corpse The komodo dragon attacks as you move away!
The komodo dragon bites you!
You die...

##### ## #<..#
...####†@.#
#....8.l.##
##...P.h..#
#...#.R†.##
#...#.....#
##.##..........#
..........#..#.#
..............^..
...............###


You could see the friendly Msizi the knight, a komodo dragon (ally target), a
friendly warg (summoned) and a friendly lightning spire (summoned).

Vanquished Creatures
  A kobold demonologist (D:9)
  2 yaks
  Menkaure (D:5)
  A water moccasin (Lair:1)
  2 ice beasts
  An orc warrior (D:8)
  2 ogres
  A black bear (D:6)
  2 centaurs
  A kobold brigand (D:9)
  A phantom (D:7)
  5 bullfrogs
  4 scorpions
  A hound (D:5)
  2 sleepcaps
  Ijyb (D:3)
  An iguana (D:7)
  2 gnolls (D:7)
  An adder (D:5)
  A white imp (D:7)
  A dart slug (D:1)
  9 orcs
  3 endoplasms
  3 giant cockroaches
  2 goblins
  2 kobolds
  2 quokkas
  5 ball pythons
  2 bats (D:3)
  2 frilled lizards
  2 rats (D:1)
66 creatures vanquished.

Vanquished Creatures (collateral kills)
  A rime drake (D:10)
  Psyche (D:9)
  2 kobold demonologists (D:9)
  A polar bear (D:10)
  2 trolls
  6 yaks
  2 steam dragons
  Duvessa (D:5)
  2 acid dragons
  An ice beast (D:10)
  An orc warrior (D:10)
  2 black bears
  2 ogres
  4 wolves (D:10)
  2 centaurs
  2 kobold brigands (D:9)
  A gnoll sergeant (D:7)
  3 bullfrogs
  Blork the orc (D:5)
  8 scorpions
  5 wights
  Dowan (D:5)
  9 killer bees
  A howler monkey (D:5)
  A hound (D:5)
  A jelly (D:6)
  Crazy Yiuf (D:3)
  4 orc priests
  A sleepcap (D:6)
  2 iguanas
  7 orc wizards
  7 gnolls
  3 adders
  A shadow imp (D:5)
  A white imp (D:8)
  A worm (D:2)
  A dart slug (D:5)
  18 orcs
  2 ball pythons (D:1)
  A bat (D:2)
  3 endoplasms
  5 giant cockroaches
  6 hobgoblins
  6 jackals
  5 kobolds (D:9)
  A quokka (D:3)
  3 frilled lizards
  2 goblins
  3 rats
  2 butterflies (D:10)
149 creatures vanquished.

Vanquished Creatures (others)
  3 knights (D:9)
3 creatures vanquished.

Grand Total: 218 creatures vanquished

Notes
Turn   | Place    | Note
-------+----------+-------------------------------------------
     0 | D:1      | ChadusMaximus the Barachi Summoner began the quest for the
                  | Orb.
     0 | D:1      | Reached XP level 1. HP: 13/13 MP: 3/3
   260 | D:1      | Reached skill level 5 in Summonings
   260 | D:1      | Reached XP level 2. HP: 10/19 MP: 1/5
  1154 | D:2      | Reached XP level 3. HP: 13/24 MP: 1/6
  1794 | D:2      | Learned a level 2 spell: Call Imp
  1798 | D:2      | Learned a level 3 spell: Call Canine Familiar
  1836 | D:3      | Noticed Ijyb
  1919 | D:3      | Killed Ijyb
  1920 | D:3      | Reached skill level 6 in Summonings
  1920 | D:3      | Reached XP level 4. HP: 22/30 MP: 1/8
  2472 | D:3      | Noticed a scorpion
  2475 | D:3      | Reached XP level 5. HP: 31/35 MP: 9/9
  2497 | D:3      | Reached skill level 7 in Summonings
  2834 | D:3      | Found a runed translucent door.
  2835 | D:3      | Noticed Crazy Yiuf
  2959 | D:3      | Killed Crazy Yiuf
  3182 | D:4      | Reached XP level 6. HP: 40/41 MP: 11/11
  3196 | D:4      | Found Bypaug Zega's Jewellery Boutique.
  3227 | D:4      | Found Helet's Fire Supplies.
  3773 | D:5      | Entered Level 5 of the Dungeon
  3773 | D:5      | Noticed a black bear
  3858 | D:4      | Learned a level 4 spell: Summon Lightning Spire
  3934 | D:5      | Reached skill level 8 in Summonings
  3936 | D:5      | Reached XP level 7. HP: 41/46 MP: 13/13
  4179 | D:5      | Reached skill level 5 in Spellcasting
  4179 | D:5      | Reached skill level 9 in Summonings
  4209 | D:5      | Noticed Blork the orc
  4212 | D:5      | Noticed Dowan
  4235 | D:5      | Killed Blork the orc
  4240 | D:5      | Reached XP level 8. HP: 32/52 MP: 0/16
  4242 | D:5      | Reached skill level 10 in Summonings
  4361 | D:5      | Noticed Duvessa
  4364 | D:5      | Killed Dowan
  4376 | D:5      | Killed Duvessa
  4411 | D:5      | Found a hide-covered altar of Uskayaw.
  4454 | D:5      | Found a staircase to the Ecumenical Temple.
  4497 | D:5      | Noticed Eustachio
  4500 | D:5      | Eustachio changed into Eustachio the frilled lizard
  4500 | D:5      | Noticed Eustachio
  4502 | D:5      | Killed Eustachio the frilled lizard
  4563 | D:5      | Noticed Menkaure
  4570 | D:5      | Killed Menkaure
  4761 | Temple   | Entered the Ecumenical Temple
  4939 | Temple   | Became a worshipper of Hepliaklqana the Forgotten
  5050 | D:6      | Reached skill level 11 in Summonings
  5784 | D:6      | Reached XP level 9. HP: 17/57 MP: 15/19
  6053 | D:7      | Reached skill level 12 in Summonings
  6133 | D:7      | Reached * piety under Hepliaklqana
  6402 | D:7      | Got the Almanac of the Gusty Fault
  6629 | D:7      | Found a glowing golden altar of the Shining One.
  6994 | D:8      | Reached skill level 13 in Summonings
  7117 | D:8      | Reached ** piety under Hepliaklqana
  7118 | D:8      | Remembered your ancestor Msizi as a knight
  7165 | D:8      | Found Hall's Antique Armour Shoppe.
  7191 | D:8      | Bought a pair of faintly humming boots for 332 gold pieces
  7191 | D:8      | Identified the +2 pair of boots of Haiki {Int+4} (You
                  | bought it in a shop on level 8 of the Dungeon)
  7204 | D:8      | Found Ugiost's Jewellery Boutique.
  7215 | D:8      | Found an ornate altar of the Wu Jian Council.
  7281 | D:8      | Found Zaasag's Magic Scroll Emporium.
  7309 | D:8      | Found a broken altar of Ashenzari.
  7338 | D:8      | Found Jaeteremm's Antique Armour Emporium.
  7433 | D:8      | Found Adeedgh's Antique Armour Boutique.
  7461 | D:8      | Found a stormy altar of Qazlal.
  7521 | D:8      | Reached skill level 14 in Summonings
  7521 | D:8      | Reached XP level 10. HP: 56/56 MP: 14/22
  8080 | D:9      | Found a shimmering altar of Xom.
  8244 | D:9      | Noticed a kobold demonologist
  8244 | D:9      | Noticed a kobold demonologist
  8245 | D:9      | Noticed a kobold demonologist
  8256 | D:9      | Noticed a sixfirhy
  8262 | D:9      | Noticed a rust devil
  8262 | D:9      | Killed a kobold demonologist
  8268 | D:9      | Killed a kobold demonologist
  8406 | D:9      | Killed a kobold demonologist
  8407 | D:9      | Reached skill level 15 in Summonings
  8460 | D:9      | Reached *** piety under Hepliaklqana
  8589 | D:9      | Noticed Psyche
  8607 | D:9      | Killed Psyche
  8685 | D:9      | Identified the staff of fire "Zaneami" {rF+ Will+ Str+2
                  | Int+3}
  8810 | D:10     | Entered Level 10 of the Dungeon
  8896 | D:10     | Found a runed translucent door.
  8898 | D:10     | Found a runed translucent door.
  9184 | D:10     | Reached skill level 16 in Summonings
  9204 | D:10     | Reached XP level 11. HP: 61/61 MP: 12/24
  9269 | D:10     | Found a staircase to the Lair.
  9464 | D:10     | Reached skill level 10 in Spellcasting
  9725 | D:10     | Identified the +0 pair of gloves of Grottiness {rPois Str+3
                  | Int+2 Dex-3}
  9735 | D:10     | Found a shimmering blue altar of Sif Muna.
  9794 | D:10     | Got Sif Muna's Handbook of Corruption
  9924 | Lair:1   | Entered Level 1 of the Lair of Beasts
 10008 | D:10     | Learned a level 6 spell: Summon Cactus Giant
 10014 | Lair:1   | Reached skill level 17 in Summonings
 10055 | Lair:1   | Mangled by a komodo dragon

Illustrated notes

Levels and vault maps discovered:
D:1:      dpeg_arrival_pits, layout_loops_cross, chequers_garden,
          minmay_tromino_v4_c
D:2:      layout_loops_ring, minmay_surrounded
D:3:      layout_basic, uniq_ijyb, uniq_crazy_yiuf_cottage
D:4:      layout_basic, minmay_shop_enchanted_jewellery, nicolae_shop_fire_sale
          [nicolae_sub_dead_trees]
D:5:      layout_basic, lemuel_doored_altar, minmay_temple_entry_gardened_gates,
          grunt_ministairs_9, chequers_serial_rivers_marsh, uniq_blork_the_orc,
          uniq_menkaure, uniq_eustachio, uniq_duvessa
D:6:      layout_basic
D:7:      layout_cave_pods, nicolae_overflow_crystal_walls
D:8:      layout_cave_pools, ashenzari_conservatory_becter,
          mainiacjoe_overflow_catwalk, nicolae_overflow_hidden_temple,
          serial_shops, nicolae_shop_rolling_square, shop, shop_coins, shop,
          nicolae_shop_hallway_stairs, minmay_diced_spiral
D:9:      layout_stronghold, mainiacjoe_overflow_tiny_flanked, minivault_23,
          dreamdust_wishing_well, wad_dig_loot, uniq_psyche
D:10:     lemuel_insect_pit, layout_irregular_city, led_sif_book,
          hellmonk_lair_entry_icy, minmay_misc_feat_five
Temple:   zaba_magenta_temple
Lair:1:   layout_misc_corridors

Skill      XL: |  1  2  3  4  5  6  7  8  9 10 11 |
---------------+----------------------------------+-----
Stealth        | 2 |  2.0
Summonings     | 5 6 7 8 9 11 14 16 17 | 17.1
Spellcasting   | 3 4 5 6 8 9 10 | 10.3
Dodging        | |  2.3

Action                     |  1- 3 |  4- 6 |  7- 9 | 10-12 || total
---------------------------+-------+-------+-------+-------++-------
  Melee: Unarmed           |    47 |       |       |       ||    47
         Dagger            |    57 |    52 |       |       ||   109
         Punch             |     2 |       |       |       ||     2
         Quarterstaff      |       |    32 |   112 |    61 ||   205
   Cast: Summon Small Mamm |    44 |     3 |     3 |     7 ||    57
         Call Canine Famil |     2 |     6 |    12 |    12 ||    32
         Call Imp          |     2 |     4 |    11 |    13 ||    30
         Summon Lightning  |       |       |    14 |    23 ||    37
         Summon Cactus Gia |       |       |       |     1 ||     1
 Invoke: Ancestor Life: Kn |       |       |     1 |       ||     1
         Ancestor Identity |       |       |     1 |       ||     1
         Recall Ancestor   |       |       |       |     2 ||     2
Ability: Hop               |     1 |     1 |     1 |     3 ||     6
    Use: Potion            |     2 |       |       |     1 ||     3
         Scroll            |       |     2 |     1 |     8 ||    11
   Stab: Sleeping          |     4 |     2 |     1 |     1 ||     8
         Distracted        |     1 |     1 |       |     2 ||     4
         Petrifying        |       |       |     1 |       ||     1
         Petrified         |       |       |     1 |       ||     1
 Armour: Robe              |    20 |    32 |    61 |    14 ||   127
         Steam dragon scal |       |       |       |    85 ||    85
  Dodge: Dodged            |    93 |    87 |   103 |   116 ||   399
